 Dungeon Crawl Stone Soup version 0.28-a0-1199-gef9e1dbd39 (webtiles) character file.

Game seed: 17163986578576832202

1851 fragbeetle the Spear-Bearer (level 9, -12/69 HPs)
             Began as a Merfolk Gladiator on Dec 19, 2021.
             Was a Follower of Okawaru.
             Mangled by a manticore (17 damage)
             ... on level 7 of the Dungeon.
             The game lasted 00:26:54 (9327 turns).

fragbeetle the Spear-Bearer (Merfolk Gladiator)     Turns: 9327, Time: 00:26:55

Health: -12/69     AC: 14    Str: 19      XL:     9   Next: 12%
Magic:  2/9        EV: 17    Int:  7      God:    Okawaru [*.....]
Gold:   327        SH:  0    Dex: 14 (15) Spells: 4/8 levels left

rFire   . . .      SeeInvis .   a - +0 trident
rCold   . . .      Faith    .   (no shield)
rNeg    . . .      Spirit   .   g - +0 ring mail
rPois   .          Reflect  .   c - +0 helmet
rElec   .          Harm     .   (no cloak)
rCorr   .          Rampage  .   z - +0 pair of gloves
Will    .....                   F - +0 pair of boots
Stlth   ++........              (no amulet)
HPRegen 0.21/turn               E - ring of flight
MPRegen 0.11/turn               t - +4 ring of protection

@: mighty, heroic, spiked, flying, very slightly contaminated, studying Polearms
A: (nimble swimmer 2), mertail
a: Renounce Religion, Heroism


You were on level 7 of the Dungeon.
You worshipped Okawaru.
Okawaru was aware of your devotion.
You visited 2 branches of the dungeon, and saw 8 of its levels.

You collected 327 gold pieces.

Inventory:

Hand Weapons
 a - a +0 trident (weapon)
Missiles
 d - 2 throwing nets
 l - 242 stones
 y - 6 poisoned darts (quivered)
Armour
 b - a +0 leather armour
 c - a +0 helmet (worn)
 g - a +0 ring mail (worn)
 j - a +2 buckler of positive energy
 z - a +0 pair of gloves (worn)
 F - a +0 pair of boots (worn)
Jewellery
 h - a ring of positive energy
 t - a +4 ring of protection (right hand)
 E - a ring of flight (left hand)
Wands
 u - a wand of digging (2)
Scrolls
 f - a scroll of holy word {unknown}
 i - 2 scrolls of teleportation
 m - a scroll of silence {unknown}
 n - 2 scrolls of magic mapping {unknown}
 o - a scroll of enchant weapon {unknown}
 p - 2 scrolls of noise {unknown}
 q - a scroll of blinking {unknown}
 r - a scroll of fear {unknown}
 s - a scroll of fog {unknown}
 C - a scroll of amnesia {unknown}
 I - a scroll of brand weapon {unknown}
 J - a scroll of immolation {unknown}
Potions
 e - 4 potions of degeneration
 v - a potion of flight {unknown}
 w - a potion of haste {unknown}
 x - a potion of berserk rage {unknown}
 B - 2 potions of brilliance
 D - a potion of ambrosia {unknown}
 G - a potion of heal wounds {unknown}
 H - a potion of cancellation {unknown}


   Skills:
 - Level 5.6(10.6) Fighting
 + Level 9.4(14.4) Polearms
 - Level 2.0(7.0) Throwing
 - Level 3.3(8.3) Armour
 + Level 8.0(13.0) Dodging
 + Level 2.0(7.0) Shields
 + Level 5.3 Ice Magic


You had 4 spell levels left.
You knew the following spells:

 Your Spells              Type           Power      Damage    Failure   Level
a - Freeze                Ice            28%        1d5       9%          1
b - Frozen Ramparts       Ice            14%        1d3       24%         3

Your spell library contained the following spells:

 Spells                   Type           Power      Damage    Failure   Level
 Ensorcelled Hibernation  Hex/Ice        6%         N/A       36%         2
 Slow                     Hex            0%         N/A       58%         1
 Confusing Touch          Hex            0%         N/A       91%         3
 Conjure Flame            Conj/Fire      0%         6-21      91%         3
 Ignite Poison            Fire/Tmut/Pois 0%         N/A       91%         3
 Inner Flame              Hex/Fire       0%         N/A       91%         3
 Vampiric Draining        Necr           0%         2d6       91%         3
 Hailstorm                Conj/Ice       3%         3d3       94%         4
 Airstrike                Air            0%         N/A       100%        4
 Cause Fear               Hex            0%         N/A       100%        4
 Sticky Flame             Conj/Fire      0%         2d3       100%        4
 Lightning Bolt           Conj/Air       0%         1d11      100%        5
 Discord                  Hex            0%         N/A       100%        8
 Tukima's Dance           Hex            Unusable   N/A       N/A         3
 Summon Lightning Spire   Summ/Air       Unusable   N/A       N/A         4

Dungeon Overview and Level Annotations

Branches:
Dungeon (7/15)             Temple (1/1) D:4

Altars:
Ashenzari
Cheibriados
Dithmenos
Elyvilon
Gozag
Hepliaklqana
Kikubaaqudgha
Makhleb
Nemelex Xobeh
Okawaru
Ru
Trog
Uskayaw
Vehumet
Xom
Yredelemnul
The Shining One

Annotations:
D:3 1 runed translucent door, Crazy Yiuf
D:4 Grinder


Innate Abilities, Weirdness & Mutations

((You are quick and stealthy near water. (Stealth+, EV+, Speed+++)))
Your lower body shifts to a powerful aquatic tail in water.


Message History

Throw: 7 darts (poison)
Press: ? - help, Shift-Dir - straight line, f - manticore
Aim: a manticore (lightly wounded, 72% to hit)
You throw a poisoned dart. The poisoned dart hits the manticore.
The manticore is lightly wounded.
The wall freezes the manticore.
You barely miss the manticore.
The manticore is lightly wounded.
You barely miss the manticore.
The manticore is lightly wounded.
The wall freezes the manticore.
The manticore completely misses you.
The manticore claws you but does no damage.
The manticore completely misses you.
You hit the manticore.
The manticore is lightly wounded.
The wall freezes the manticore.
The manticore barely misses you. The manticore closely misses you. x2
You hit the manticore.
The manticore is moderately wounded.
The wall freezes the manticore.
The manticore closely misses you. The manticore claws you!
The manticore barely misses you.
You barely miss the manticore.
The manticore is moderately wounded.
The frozen ramparts melt away.
The manticore bites you. The manticore claws you. x2
You hit the manticore.
The manticore is moderately wounded.
The manticore bites you. The manticore completely misses you.
The manticore barely misses you.
You feel very mighty all of a sudden. The manticore bites you!
* * * LOW HITPOINT WARNING * * *
The manticore barely misses you. The manticore claws you.
* * * LOW HITPOINT WARNING * * *
Unknown command.
Okay, then.
Okay, then.
You gain the combat prowess of a mighty hero.
The manticore bites you!
You die...

#....#..#....'.....
#....#..'....#.....
+....#..#....#.....
#....####....######
#............#..#..
#............#..#..
+............#.['..
#............#..#..
##@######....##'#..
#......H((..#........##
#.........(.#........#
#..........(#........#
#...######..#........#
#... ..########## #..
..# #.. .#


You could see a manticore.

Vanquished Creatures
  Pikel (D:3)
  An ice beast (D:6)
  3 sky beasts
  An ogre (D:7)
  A centaur (D:6)
  2 lemures (D:3)
  A bullfrog (D:5)
  3 water moccasin skeletons
  A hound (D:4)
  A jelly (D:6)
  2 orc priests (D:6)
  A centaur skeleton (D:4)
  A gnoll shaman (D:4)
  Jessica (D:3)
  3 iguanas (D:7)
  Ijyb (D:5)
  2 orc wizards
  Natasha (twice) (D:3)
  A hound skeleton (D:4)
  2 howler monkey zombies
  5 gnolls
  7 adders
  2 ufetubi
  2 worms
  A dart slug (D:1)
  15 orcs
  6 bats
  5 endoplasms
  6 giant cockroaches
  11 goblins
  5 hobgoblins
  3 jackals (D:1)
  6 kobolds
  2 quokkas
  4 ball pythons
  A frilled lizard (D:3)
  4 rats
116 creatures vanquished.

Vanquished Creatures (others)
  Natasha (D:3)
  A plant (D:4)
2 creatures vanquished.

Grand Total: 118 creatures vanquished

Notes
Turn   | Place    | Note
-------+----------+-------------------------------------------
     0 | D:1      | fragbeetle the Merfolk Gladiator began the quest for the
                  | Orb.
     0 | D:1      | Reached XP level 1. HP: 16/16 MP: 1/1
   112 | D:1      | Reached XP level 2. HP: 21/23 MP: 2/2
   211 | D:1      | Found a faded altar of an unknown god.
   353 | D:1      | Reached XP level 3. HP: 28/28 MP: 3/3
   966 | D:2      | Learned a level 1 spell: Freeze
  1116 | D:2      | Reached skill level 5 in Polearms
  1116 | D:2      | Reached skill level 1 in Armour
  1324 | D:2      | Reached XP level 4. HP: 27/34 MP: 4/4
  1803 | D:3      | Found a burning altar of Makhleb.
  1822 | D:3      | Reached skill level 1 in Ice Magic
  2042 | D:3      | Reached XP level 5. HP: 13/41 MP: 5/5
  2273 | D:3      | Found a shadowy altar of Dithmenos.
  2296 | D:3      | Noticed Natasha
  2305 | D:3      | Killed Natasha
  2306 | D:3      | Reached skill level 5 in Dodging
  2390 | D:3      | Found a runed translucent door.
  2391 | D:3      | Noticed Crazy Yiuf
  2494 | D:3      | Noticed Natasha
  2507 | D:3      | Killed Natasha
  2514 | D:3      | Found a bloodstained altar of Trog.
  2708 | D:3      | Noticed Jessica
  2718 | D:3      | Killed Jessica
  2975 | D:3      | Noticed Natasha
  2986 | D:3      | HP: 1/41 [Natasha (7)]
  2987 | D:3      | Killed Natasha
  3600 | D:3      | Learned a level 3 spell: Frozen Ramparts
  3625 | D:4      | Reached XP level 6. HP: 47/47 MP: 6/6
  3630 | D:4      | Found a staircase to the Ecumenical Temple.
  4047 | D:4      | Noticed Pikel
  4405 | D:3      | Killed Pikel
  4406 | D:3      | Reached skill level 6 in Polearms
  4406 | D:3      | Reached XP level 7. HP: 27/55 MP: 7/7
  4579 | Temple   | Entered the Ecumenical Temple
  4743 | Temple   | Became a worshipper of Warmaster Okawaru
  5161 | D:4      | Reached skill level 7 in Polearms
  5524 | D:4      | Found a radiant altar of Vehumet.
  5572 | D:4      | Noticed Grinder
  5724 | D:5      | Entered Level 5 of the Dungeon
  5802 | D:5      | Reached XP level 8. HP: 61/61 MP: 8/8
  6350 | D:5      | Noticed Ijyb
  6350 | D:5      | Paralysed by Ijyb for 7 turns
  6363 | D:5      | Paralysed by Ijyb for 4 turns
  6371 | D:5      | Paralysed by Ijyb for 2 turns
  6379 | D:5      | Paralysed by Ijyb for 2 turns
  6383 | D:5      | Killed Ijyb
  6617 | D:5      | Reached skill level 5 in Fighting
  7199 | D:6      | Identified 3 scrolls of acquirement
  7215 | D:6      | Reached * piety under Okawaru
  7224 | D:6      | Found a glowing golden altar of the Shining One.
  7306 | D:5      | Reached skill level 8 in Polearms
  7605 | D:5      | Acquired a +2 buckler of positive energy
  7645 | D:5      | Acquired a +4 ring of protection
  8608 | D:7      | Acquired a manual of Polearms
  8734 | D:7      | Reached skill level 1 in Shields
  8932 | D:7      | Reached skill level 5 in Ice Magic
  8932 | D:7      | Reached XP level 9. HP: 69/69 MP: 9/9
  8991 | D:7      | Reached skill level 9 in Polearms
  9313 | D:7      | Noticed a manticore
  9327 | D:7      | Mangled by a manticore

Illustrated notes

Levels and vault maps discovered:
D:1:      psy_arrival_terrarium, layout_basic,
          shapermc_ecumenical_altar_notcrosses
D:2:      kennysheep_big_flooded_room, layout_rooms
D:3:      layout_loops_ring, lightli_temple_of_fire,
          nicolae_dithmenos_shadow_blocks, mainiacjoe_overflow_24_doors,
          uniq_crazy_yiuf_cottage, uniq_natasha, uniq_jessica
D:4:      layout_loops_ring, kennysheep_mini_moat,
          minmay_temple_entry_large_hall, serial_forest,
          infiniplex_forest_clump_medium, infiniplex_forest_clump_curved,
          infiniplex_forest_lined_room_2, infiniplex_forest_lined_room_2,
          infiniplex_forest_lined_3_way, infiniplex_forest_lined_3,
          kennysheep_generic_room_12, uniq_grinder, uniq_pikel
D:5:      layout_loops_ring, kennysheep_potato, uniq_ijyb
D:6:      layout_cave_pods, mainiacjoe_overflow_tiny_flanked,
          portal_sewer_entry_e, minmay_misc_feat_alley,
          nicolae_concentric_dashed_squares_mild
D:7:      layout_gridville, amcnicky_mini_rare_corridor_liquid
Temple:   minmay_temple_forest_path

Skill      XL: |  1  2  3  4  5  6  7  8  9 |
---------------+----------------------------+-----
Polearms       | 5 6 7 8 9 |  9.4
Armour         | 1 2 3 |  3.3
Fighting       | 3 4 5 |  5.6
Ice Magic      | 1 2 3 5 |  5.3
Dodging        | 5 6 7 8 |  8.0
Shields        | 1 2 |  2.0
Throwing       | |  2.0

Action                   |  1- 3 |  4- 6 |  7- 9 || total
-------------------------+-------+-------+-------++-------
Melee: Trident           |   101 |   141 |   310 ||   552
Throw: Stone             |     3 |     1 |       ||     4
       Throwing net      |     2 |     1 |       ||     3
       Dart              |       |       |    29 ||    29
 Cast: Frozen Ramparts   |       |       |     2 ||     2
Invok: Heroism           |       |       |     1 ||     1
  Use: Scroll            |       |       |     7 ||     7
       Potion            |       |       |     4 ||     4
 Stab: Sleeping          |     3 |       |       ||     3
Armor: Leather armour    |     5 |       |       ||     5
       Ring mail         |    23 |    33 |    78 ||   134
       Skin              |       |       |    26 ||    26
Dodge: Dodged            |    71 |    84 |   180 ||   335
Block: Buckler           |       |       |    14 ||    14

Table legend: (Time is in decaauts)
 A = Elapsed time spent in this place.
 B = Non-inter-level travel time spent in this place.
 C = Inter-level travel time spent in this place.
 D = Time resting spent in this place.
 E = Time spent auto-exploring this place.
 F = Levels seen in this place.
 G = Mean time per level.
                   A        B        C        D        E       F      G
               +--------+--------+--------+--------+--------+-----+--------+
         Total |   9301 |   9156 |    145 |   2697 |   3150 |   8 | 1162.6 |
       Dungeon |   8900 |   8789 |    111 |   2697 |   2811 |   7 | 1271.4 |
        Temple |    400 |    366 |     34 |      0 |    339 |   1 |  400.0 |
               +--------+--------+--------+--------+--------+-----+--------+

Top non-repeatable levels by time:
     D:3: 3096 daAuts
     D:5: 1628 daAuts
     D:6: 1042 daAuts
     D:1: 943 daAuts
     D:7: 900 daAuts
     D:2: 688 daAuts
     D:4: 601 daAuts
  Temple: 400 daAuts
